 Dungeon Crawl Stone Soup version 0.31-a0-232-gb1c03b2570 (webtiles) character file.

Game seed: 10072627442218948988

133 qw the Shooter (level 4, 0/37 HPs)
             Began as a Minotaur Hexslinger on July 7, 2023.
             Slain by Sigmund
             ... wielding a +0 scythe
              (8 damage)
             ... on level 2 of the Dungeon.
             The game lasted 00:00:39 (1367 turns).

qw the Shooter (Minotaur Hexslinger)                Turns: 1367, Time: 00:00:40

Health: 0/37       AC:  2    Str: 13    XL:     4   Next: 94%
Magic:  4/4        EV: 12    Int: 10    God:
Gold:   90         SH:  0    Dex: 14    Spells: 4/5 levels left

rFire   . . .        Y - +1 sling
rCold   . . .        (no shield)
rNeg    + . .        c - +0 robe
rPois   .            (helmet restricted)
rElec   .            (no cloak)
rCorr   .            (no gloves)
SInv    .            (no boots)
Will    .....        (no amulet)
Stlth   +            a - ring of positive energy
HPRegen 0.26/turn    (no ring)
MPRegen 0.09/turn

%: no passive effects
@: no status effects
A: horns 2, retaliatory headbutt
a: no special abilities


You were on level 2 of the Dungeon.
You visited 1 branch of the dungeon, and saw 2 of its levels.

You collected 90 gold pieces.


Innate Abilities, Weirdness & Mutations

You have a pair of horns on your head.
You reflexively headbutt those who attack you in melee.


   Skills:
 + Level 2.8 Fighting
 - Level 5.1 Ranged Weapons
 - Level 2.1 Dodging
 - Level 1.0 Spellcasting
 - Level 2.0 Hexes


You had 4 spell levels left.
You knew the following spells:

 Your Spells              Type           Power      Damage    Failure   Level
a - Slow                  Hex            16%        N/A       16%         1

Your spell library contained the following spells:

 Spells                   Type           Power      Damage    Failure   Level
 Inner Flame              Hex/Fire       2%         N/A       56%         3
 Portal Projectile        Hex/Tloc       4%         N/A       56%         3
 Cause Fear               Hex            2%         N/A       83%         4

Inventory:

Hand Weapons
 Y - a +1 sling (weapon)
Armour
 c - a +0 robe (worn)
Jewellery
 a - a ring of positive energy (left hand)
Potions
 d - a potion of brilliance {unknown}
 f - a potion of heal wounds {unknown}
 g - a potion of mutation {unknown}
 i - a potion of cancellation {unknown}

Dungeon Overview and Level Annotations

Branches:
Dungeon (2/15)

Altars:

Annotations:
D:2 Sigmund


Message History

Sigmund casts a spell.
Sigmund flickers and vanishes!
Deactivating autopickup; reactivate with Ctrl-A.
You shoot a sling bullet.
You hear some strange, mumbled words.
You are confused.
1351 ||| STAIRDANCE Something hits you.
You climb upwards.
Reactivating autopickup.
There is a stone staircase leading down here.
You see here a ring of magical power.
You feel less confused.
Done exploring.
(D) Dungeon
Where to? (* - list waypoints, Enter - D:2, ? - help)
What level of the Dungeon? (default 1, ? - help)
You climb downwards.
Level annotation: Sigmund
There is a stone staircase leading up, spattered with blood here.
Something hits you!
Deactivating autopickup; reactivate with Ctrl-A.
Autopickup is now on.
You start resting.
Something hits you!
Deactivating autopickup; reactivate with Ctrl-A.
You shoot a sling bullet.
You hear a zap.
A puff of flame appears from out of thin air!
The puff of flame hits you!
You shoot a sling bullet. Something hits you but does no damage.
You shoot a sling bullet. Something hits you.
You shoot a sling bullet. You shoot a sling bullet. Something hits you.
You shoot a sling bullet. Something hits you!
You die...

#.# #........ #.##
######)####...
#..####...@..# #...
#.......############
#....#####........##
##...# #........## ##).#
#........## ###..##
#........## #..@..##
#(.).....##
#.<.{..###.......%##
#.......##..........
###.#.<............#
#.#.#.....##..##..
#######.#.............##
#.................###...
#.............#...#....(
#.......................


There were no monsters in sight!

Vanquished Creatures
  Natasha (thrice) (D:2)
  2 adders (D:2)
  6 ball pythons
  7 endoplasms
  2 giant cockroaches (D:2)
  4 hobgoblins
  4 kobolds
  A quokka (D:2)
  3 bats (D:1)
  2 frilled lizards (D:1)
  4 goblins
  A rat (D:1)
39 creatures vanquished.

Notes
Turn   | Place    | Note
-------+----------+-------------------------------------------
     0 | D:1      | qw the Minotaur Hexslinger began the quest for the Orb.
     0 | D:1      | Reached XP level 1. HP: 16/16 MP: 1/1
     0 | D:1      | 0 ||| qw: Version: 0.3-a-46-gb1f654a
     0 | D:1      | 0 ||| qw: Game counter: 2333
     0 | D:1      | 0 ||| qw: Melee chars always use a shield: true
     0 | D:1      | 0 ||| qw: God list: Okawaru
     0 | D:1      | 0 ||| qw: Allow faded altars: false
     0 | D:1      | 0 ||| qw: Do Orc after clearing Dungeon:15 true
     0 | D:1      | 0 ||| qw: Do second Lair branch before Depths: true
     0 | D:1      | 0 ||| qw: Lair rune preference: random
     0 | D:1      | 0 ||| qw: Goals: Normal
     0 | D:1      | 0 ||| PLANNING D:1-11
    65 | D:1      | Reached skill level 3 in Ranged Weapons
    65 | D:1      | Reached XP level 2. HP: 15/23 MP: 2/2
   598 | D:1      | 598 ||| DROPPING scarf of shadows.
   599 | D:1      | 599 ||| READING scroll labelled YRE LEYPU JURI.
   700 | D:1      | 700 ||| READING scroll labelled HOQAKE KAEG.
   701 | D:1      | 701 ||| DROPPING scroll of poison.
   766 | D:2      | Noticed Natasha
   769 | D:2      | 769 ||| Stepping ~*~*~tactically~*~*~ (outnumbered).
   773 | D:2      | Killed Natasha
   774 | D:2      | Reached skill level 4 in Ranged Weapons
   774 | D:2      | Reached XP level 3. HP: 29/29 MP: 3/3
   883 | D:2      | Reached XP level 4. HP: 35/36 MP: 4/4
   906 | D:2      | Identified the +7 short sword "Caskitwu" {drain, rC+}
   957 | D:2      | Noticed Natasha
   964 | D:2      | Killed Natasha
   965 | D:2      | Reached skill level 5 in Ranged Weapons
   967 | D:2      | Noticed Natasha
   976 | D:2      | Killed Natasha
  1095 | D:2      | Noticed Sigmund
  1097 | D:2      | 1097 ||| FLEEEEING.
  1106 | D:2      | 1106 ||| FLEEEEING.
  1107 | D:2      | 1107 ||| FLEEEEING.
  1108 | D:2      | 1108 ||| FLEEEEING.
  1113 | D:2      | 1113 ||| STAIRDANCE
  1127 | D:1      | 1127 ||| UPGRADING to ring of positive energy.
  1128 | D:1      | 1128 ||| DROPPING ring of magical power.
  1129 | D:1      | 1129 ||| READING scroll labelled LAOR AMOAGAJI.
  1130 | D:1      | 1130 ||| READING scroll labelled JUDDEKHYZO.
  1145 | D:2      | 1145 ||| STAIRDANCE
  1184 | D:2      | 1184 ||| STAIRDANCE
  1270 | D:2      | 1270 ||| STAIRDANCE
  1351 | D:2      | 1351 ||| STAIRDANCE
  1364 | D:2      | HP: 9/37 [something (3)]
  1367 | D:2      | Slain by Sigmund

Levels and vault maps discovered:
D:1:      roderic_dead_forest, layout_loops_cross,
          hangedman_decor_clover_reticule, minmay_domino_2
D:2:      layout_rooms, uniq_natasha, uniq_sigmund

Skill      XL: |  1  2  3  4 |
---------------+-------------+-----
Ranged Weapons | 3 4 5 |  5.1
Fighting       | 2 |  2.8
Dodging        | |  2.1
Spellcasting   | |  1.0
Hexes          | |  2.0

Action                     |  1- 3 |  4- 6 || total
---------------------------+-------+-------++-------
   Fire: Sling             |    93 |    46 ||   139
    Use: Scroll            |     2 |     2 ||     4
 Armour: Robe              |     5 |     2 ||     7
  Dodge: Dodged            |    14 |     7 ||    21

Table legend:
 A = Non-vault XP
 B = Vault XP
 C = Vault XP percentage of total XP
 D = Non-vault monster count
 E = Vault monster count
 F = Vault count percentage of total count
                 A         B        C        D         E       F
            +---------+---------+-------+---------+---------+-------
      Total |     154 |      37 |  19.4 |      36 |       3 |   7.7
            +---------+---------+-------+---------+---------+-------
        D:1 |      29 |       2 |   6.5 |      19 |       2 |   9.5
        D:2 |     125 |      35 |  21.9 |      17 |       1 |   5.6
            +---------+---------+-------+---------+---------+-------
